 Dungeon Crawl Stone Soup version 0.17-a0-1769-g54adf96 (webtiles) character file.

46 kae the Slasher (level 3, 0/24 HPs)
             Began as a High Elf Skald on Sept 7, 2015.
             Succumbed to poison (a potion of poison)
             ... on level 2 of the Dungeon.
             The game lasted 00:01:51 (1766 turns).

kae the Slasher (High Elf Skald)                    Turns: 1766, Time: 00:01:52

Health: 0/24       AC:  4    Str: 16    XL:     3   Next: 46%
Magic:  6/7        EV: 17    Int: 15    God:
Gold:   76         SH:  0    Dex: 21    Spells: 1 memorised, 5 levels left

rFire  . . .     SeeInvis .     a - +0 falchion
rCold  . . .     Clarity  .     b - +0 leather armour
rNeg   . . .     SustAt   .     (no shield)
rPois  .         Gourm    .     (no helmet)
rElec  .         Spirit   .     (no cloak)
rCorr  .         Warding  .     (no gloves)
rMut   .         Stasis   .     j - +0 pair of boots
MR     .....                    (no amulet)
Stlth  +++.......               (no ring)
                                (no ring)

@: mighty, agile, lethally poisoned (0 -> -17), flying, very slightly
contaminated, hasted, very quick, not resistant to hostile enchantments, fairly
stealthy
A: no striking features
a: no special abilities


You were on level 2 of the Dungeon.
You were hungry.

You visited 1 branch of the dungeon, and saw 2 of its levels.

You collected 76 gold pieces.

Inventory:

Hand weapons
 a - a +0 falchion (weapon)
Armour
 b - a +0 leather armour (worn)
 j - a +0 pair of boots (worn)
Scrolls
 e - a scroll of recharging {unknown}
 g - 2 scrolls of identify {unknown}
 i - a scroll of immolation {unknown}
 o - a scroll of noise {unknown}
 q - a scroll of remove curse {unknown}
 r - a scroll of fear {unknown}
Potions
 n - 2 potions of flight
Books
 c - a book of Battle

   Spells                             Type                      Level
   a - Infusion                       Charms                       1
   b - Shroud of Golubria             Charms/Translocation         2
   c - Song of Slaying                Charms                       2
   d - Spectral Weapon                Hexes/Charms                 3
   e - Regeneration                   Charms/Necromancy            3
Comestibles
 d - a bread ration
 h - a slice of pizza
 l - 2 meat rations


   Skills:
 - Level 2.0 Fighting
 + Level 4.7 Long Blades
 - Level 0.8 Armour
 - Level 1.1 Dodging
 - Level 2.4 Spellcasting
 - Level 3.6 Charms


You had 5 spell levels left.
You knew the following spells:

 Your Spells              Type           Power        Failure   Level  Hunger
a - Infusion              Chrm           ##....       8%          1    #......


Dungeon Overview and Level Annotations

Branches:
Dungeon (2/15)

Altars:


Message History

It was a potion of agility.
You feel agile all of a sudden. The adder barely misses you. x2
Drink which item? (? for menu, Esc to quit)
It was a potion of haste.
You feel yourself speed up. The adder completely misses you.
You are very lightly contaminated with residual magic.
Drink which item? (? for menu, Esc to quit)
It was a potion of might.
You feel very mighty all of a sudden. The adder barely misses you.
Drink which item? (? for menu, Esc to quit)
It was a potion of poison.
That liquid tasted very nasty...
You are more poisoned.
You are no longer magically infusing your attacks.
* * * LOW HITPOINT WARNING * * *
You feel sick. The adder misses you.
You slash the adder!
You kill the adder!
You die...

.###........†..........
............###....###
...........####.##.#
##.........###..# #
.<.##.###..>...## ##.
...##.###.####### ....
#.....#.........## .....
#.###.#.#######..#......
#.#$#...# ##@†l.....
..###...# ###[.....
........# ....#
.....#### ...# #.##..
.[# .. .


You could see a giant gecko.

Vanquished Creatures
  2 adders (D:2)
  A giant gecko (D:2)
  A ball python (D:1)
  6 bats
  3 giant cockroaches (D:1)
  2 goblins (D:1)
  4 hobgoblins (D:1)
  4 kobolds
  4 rats
27 creatures vanquished.

Notes
Turn   | Place    | Note
--------------------------------------------------------------
     0 | D:1      | kae the High Elf Skald began the quest for the Orb.
     0 | D:1      | Reached XP level 1. HP: 14/14 MP: 4/4
   462 | D:1      | Reached XP level 2. HP: 9/19 MP: 6/6
  1249 | D:1      | Reached skill level 4 in Long Blades
  1583 | D:2      | Reached XP level 3. HP: 13/24 MP: 2/7
  1761 | D:2      | HP: 1/24 [poisoned by an adder]
  1766 | D:2      | Succumbed to poison (a potion of poison)

Vault maps used:
D:1:      lightli_arrival_windingriver, minmay_misc_feat_room
D:2:      nicolae_overflow_hidden_temple, minmay_misc_feat_x, item_on_display_a

Action                   || total
-------------------------++-------
Melee: Falchion          ||    82
 Cast: Infusion          ||     5
  Use: Potion            ||     5
  Eat: Chunk             ||     2
